 Dungeon Crawl Stone Soup version 0.30-a0-585-g93115170b9 (webtiles) character file.

Game seed: 14880201184858552079

4197 wormed the Grappler (level 10, -3/98 HPs)
             Began as a Troll Gladiator on Jan 2, 2023.
             Was an Elder of Cheibriados.
             Slain by a gnoll
             ... wielding a +0 flail
             ... led by a gnoll sergeant
              (6 damage)
             ... on level 8 of the Dungeon.
             The game lasted 00:08:24 (5373 turns).

wormed the Grappler (Troll Gladiator)               Turns: 5373, Time: 00:08:24

Health: -3/98      AC:  4    Str: 39    XL:     10   Next: 8%
Magic:  9/9        EV: 15    Int: 13    God:    Cheibriados [****..]
Gold:   398        SH:  0    Dex: 24    Spells: 9/9 levels left

rFire   . . .      SeeInvis .      - Unarmed
rCold   . . .      Faith    +    (no shield)
rNeg    . . .      Spirit   .    a - +0 robe
rPois   .          Reflect  .    b - +0 hat
rElec   .          Harm     .    p - scarf {repulsion}
rCorr   +          Rampage  .    (gloves unavailable)
Will    .....                    (boots unavailable)
Stlth   ++                       g - amulet of faith
HPRegen 1.16/turn                h - ring of resist corrosion
MPRegen 0.11/turn                l - +6 ring of strength

@: repel missiles, very slow
A: large, unfitting armour, claws 3, regeneration 1, shaggy fur 1, tough skin 1
a: Renounce Religion, Bend Time, Temporal Distortion, Slouch


You were on level 8 of the Dungeon.
You worshipped Cheibriados.
Cheibriados was greatly pleased with you.
You visited 1 branch of the dungeon, and saw 8 of its levels.

You collected 398 gold pieces.

Inventory:

Missiles
 c - 7 throwing nets (quivered)
 d - a large rock
Armour
 a - a +0 robe (worn)
 b - a +0 hat (worn)
 p - a scarf of repulsion (worn)
Jewellery
 g - an amulet of faith (around neck)
 h - a ring of resist corrosion (left claw)
 l - a +6 ring of strength (right claw)
 o - a ring of positive energy
Wands
 u - a wand of iceblast (15)
 C - a wand of mindburst (16)
Scrolls
 e - 5 scrolls of teleportation
 i - 7 scrolls of identify
 r - a scroll of fear {unknown}
 s - 2 scrolls of blinking
 t - a scroll of amnesia
 w - a scroll of immolation {unknown}
 y - 2 scrolls of noise {unknown}
 A - a scroll of magic mapping {unknown}
 B - a scroll of vulnerability {unknown}
Potions
 f - 2 potions of lignification
 j - 2 potions of mutation {unknown}
 k - 4 potions of curing {unknown}
 m - 2 potions of brilliance {unknown}
 n - a potion of invisibility {unknown}
 q - 3 potions of haste {unknown}
 v - 2 potions of cancellation {unknown}
 x - a potion of resistance {unknown}
 z - a potion of flight {unknown}


   Skills:
 + Level 6.3 Fighting
 - Level 1.7 Throwing
 + Level 6.6 Dodging
 * Level 10.9 Unarmed Combat


You had 9 spell levels left.
You didn't know any spells.
Your spell library contained the following spells:

 Spells                   Type           Power      Damage    Failure   Level
 Slow                     Hex            0%         N/A       30%         1
 Confusing Touch          Hex            0%         N/A       67%         3
 Inner Flame              Hex/Fire       0%         N/A       67%         3
 Ozocubu's Armour         Ice            0%         N/A       67%         3
 Vampiric Draining        Necr           0%         2d6       67%         3
 Cause Fear               Hex            0%         N/A       97%         4
 Metabolic Englaciation   Hex/Ice        0%         N/A       100%        5
 Simulacrum               Ice/Necr       0%         N/A       100%        6
 Discord                  Hex            0%         N/A       100%        8


Dungeon Overview and Level Annotations

Branches:
Dungeon (8/15)             Temple (0/1) D:5
   Lair: D:8-11

Altars:
Cheibriados
Fedhas
Hepliaklqana
Nemelex Xobeh
Qazlal
Yredelemnul
Zin
The Shining One

Shops:
D:3 (   D:8 !

Portals:
Abyss: D:6

Annotations:
D:6 2 transporters, sirJeffrey23's ghost, novice HOFi


Innate Abilities, Weirdness & Mutations

You are too large for most types of armour.
You have claws for hands.
Your natural rate of healing is unusually fast.
You are covered in fur. (AC +1)
You have tough skin. (AC +1)


Message History

You hear a splash.
Found an escape hatch in the ceiling.
A gnoll sergeant and a gnoll come into view.
The gnoll sergeant is wielding a +0 spear of distortion.
There are monsters nearby!
A gnoll comes into view. It is wielding a +0 flail.
The gnoll shouts!
You hear a shout!
A gnoll comes into view. It is wielding a +0 club.
A gnoll comes into view. It is wielding a +0 flail.
The gnoll shouts!
You hear a shout!
A centaur comes into view.
The gnoll sergeant hits you with a +0 spear of distortion.
Space warps horribly around you!!
The gnoll shouts!
The gnoll sergeant hits you with a +0 spear of distortion.
Space warps horribly around you!! The gnoll closely misses you.
The gnoll hits you with a +0 flail. The gnoll sergeant misses you.
The gnoll misses you.
Activating: Slouch (63% risk of failure)
Press: ? - help, Dir - look around, f - activate You fail to use your ability.
The gnoll barely misses you.
The gnoll sergeant hits you with a +0 spear of distortion!
Activating: Slouch (63% risk of failure)
Press: ? - help, Dir - look around, f - activate You fail to use your ability.
The gnoll sergeant hits you with a +0 spear of distortion.
Space warps around you. The gnoll completely misses you.
The gnoll barely misses you.
You mangle the gnoll sergeant!!
The gnoll sergeant is almost dead.
The centaur misses you. The centaur closely misses you. The centaur misses you.
The centaur kicks you but does no damage.
You scratch the gnoll sergeant.
The gnoll sergeant is almost dead.
The gnoll sergeant hits you with a +0 spear of distortion!
* * * LOW HITPOINT WARNING * * *
Space warps horribly around you!!
* * * LOW HITPOINT WARNING * * *
The gnoll closely misses you. The gnoll hits you with a +0 flail.
You die...

..)..........###
#.....#.....##.# .
##....##.......# ..
###....#.#..######.#
#......####......
###......##...#
#....#.....# .
######.....####....
#......g@ggg....
#........gc#...#.
###..^.....# ...
........### #
...####.## .##. ..#
. ...# ....


You could see a gnoll sergeant, a centaur and 4 gnolls.

Vanquished Creatures
  Joseph (D:7)
  3 vampire mosquitoes (D:8)
  3 steam dragons
  Duvessa (D:6)
  An orc warrior (D:8)
  An ogre (D:6)
  An ice beast (D:4)
  2 black bears
  A sky beast (D:3)
  3 phantoms
  2 kobold brigands
  2 gnoll sergeants (D:8)
  2 bullfrogs
  3 necrophages
  2 wights (D:8)
  4 scorpions
  Dowan (D:6)
  2 jellies
  An electric eel (D:8)
  2 howler monkeys
  8 hounds
  6 orc priests
  4 iguanas
  4 orc wizards
  A hound zombie (D:4)
  A hound skeleton (D:4)
  15 gnolls
  12 adders
  A shadow imp (D:5)
  2 white imps
  An ufetubus (D:4)
  4 worms
  A dart slug (D:3)
  33 orcs
  4 ball pythons
  6 bats
  An endoplasm (D:3)
  3 giant cockroaches
  11 goblins
  9 hobgoblins
  8 jackals
  16 kobolds
  4 quokkas
  3 frilled lizards (D:1)
  10 rats
206 creatures vanquished.

Vanquished Creatures (others)
  A wight (D:8)
  2 withered plants (D:4)
3 creatures vanquished.

Grand Total: 209 creatures vanquished

Notes
Turn   | Place    | Note
-------+----------+-------------------------------------------
     0 | D:1      | wormed the Troll Gladiator began the quest for the Orb.
     0 | D:1      | Reached XP level 1. HP: 19/19 MP: 0/0
   128 | D:1      | Reached XP level 2. HP: 25/28 MP: 1/1
   611 | D:2      | Reached XP level 3. HP: 33/35 MP: 2/2
   755 | D:2      | Reached skill level 4 in Unarmed Combat
   855 | D:2      | Reached XP level 4. HP: 42/42 MP: 3/3
  1021 | D:3      | Noticed a sky beast
  1022 | D:3      | Found Vedecla's Weapon Boutique.
  1086 | D:4      | Reached XP level 5. HP: 28/50 MP: 4/4
  1087 | D:4      | Noticed a phantom
  1103 | D:4      | Killed a phantom
  1104 | D:4      | Reached skill level 5 in Unarmed Combat
  1109 | D:3      | Killed a sky beast
  1110 | D:3      | Reached XP level 6. HP: 30/61 MP: 5/5
  1333 | D:3      | Found a sparkling altar of Nemelex Xobeh.
  1333 | D:3      | Found a basalt altar of Yredelemnul.
  1333 | D:3      | Found a snail-covered altar of Cheibriados.
  1333 | D:3      | Found a glowing golden altar of the Shining One.
  1347 | D:3      | Found a hazy altar of Hepliaklqana.
  1389 | D:3      | Found a glowing silver altar of Zin.
  1533 | D:3      | Identified a scroll of acquirement
  1543 | D:3      | Became a worshipper of Cheibriados the Contemplative
  1609 | D:3      | Found the +7 staff of the Meek {protect, meekguard}
  1746 | D:4      | Reached skill level 6 in Unarmed Combat
  1771 | D:4      | Reached XP level 7. HP: 65/67 MP: 6/6
  2341 | D:4      | Reached * piety under Cheibriados
  2355 | D:4      | Reached skill level 7 in Unarmed Combat
  2360 | D:4      | Reached XP level 8. HP: 31/78 MP: 7/7
  2659 | D:5      | Entered Level 5 of the Dungeon
  3143 | D:5      | Reached ** piety under Cheibriados
  3144 | D:5      | Reached skill level 8 in Unarmed Combat
  3228 | D:5      | Reached skill level 5 in Dodging
  3321 | D:5      | Identified the +11 quarterstaff of Ruxky {protect, rC+
                  | rCorr Stlth+}
  3322 | D:5      | Found a staircase to the Ecumenical Temple.
  3655 | D:6      | Found a transporter.
  3756 | D:6      | Acquired a scarf of repulsion
  3933 | D:6      | Noticed Dowan
  3940 | D:6      | Killed Dowan
  3979 | D:6      | Noticed Duvessa
  3986 | D:6      | Killed Duvessa
  3987 | D:6      | Reached skill level 5 in Fighting
  4120 | D:6      | Reached XP level 9. HP: 88/88 MP: 8/8
  4123 | D:6      | Reached skill level 9 in Unarmed Combat
  4128 | D:6      | Found a blossoming altar of Fedhas.
  4204 | D:6      | Found a one-way gate to the infinite horrors of the Abyss.
  4209 | D:6      | Found a transporter.
  4241 | D:6      | Noticed sirJeffrey23's ghost (novice HOFi)
  4291 | D:6      | Reached *** piety under Cheibriados
  4530 | D:7      | Found a stormy altar of Qazlal.
  4596 | D:7      | Noticed Joseph
  4611 | D:7      | Killed Joseph
  4715 | D:7      | Reached skill level 10 in Unarmed Combat
  4806 | D:7      | Reached **** piety under Cheibriados
  5053 | D:8      | Reached XP level 10. HP: 85/98 MP: 9/9
  5279 | D:8      | Found Bunk's Distillery.
  5373 | D:8      | HP: 3/98 [gnoll sergeant/+0 spear of distortion (20)]
  5373 | D:8      | Slain by a gnoll

Illustrated notes

Levels and vault maps discovered:
D:1:      dpeg_arrival_prison, layout_basic
D:2:      layout_rooms
D:3:      layout_rooms, minmay_overflow_temple_hex, serial_shops,
          nicolae_shop_trees, st_stairs_4, pf_guarded_unrand_meek
D:4:      cheibrodos_helix_gallery, layout_basic, serial_undead,
          serial_undead_e, serial_undead_c, serial_undead_f, serial_undead_b
D:5:      layout_loops_corners, minmay_temple_entry_nine_rooms
D:6:      layout_gridville, mainiacjoe_overflow_brackets,
          gammafunk_ghost_abyssal_escape, chequers_serial_rivers_small_a,
          minmay_curled_crystal, uniq_duvessa
D:7:      dreamdust_elfheim, layout_cave_pools,
          mainiacjoe_overflow_small_starburst, uniq_joseph
D:8:      layout_cave_pools, nicolae_uskayaw_murder_on_the_dancefloor,
          ebering_ghost_rock_garden, serial_shops, nicolae_inconvenience_store

Skill      XL: |  1  2  3  4  5  6  7  8  9 |
---------------+----------------------------+-----
Fighting       | 2 3 4 5 6 |  6.3
Unarmed Combat | 4 5 6 7 8 10 | 10.9
Dodging        | 3 4 5 6 |  6.6
Throwing       | |  1.7

Action                   |  1- 3 |  4- 6 |  7- 9 | 10-12 || total
-------------------------+-------+-------+-------+-------++-------
Melee: Unarmed           |   112 |   136 |   242 |    27 ||   517
       Punch             |     1 |     2 |    10 |     3 ||    16
Invok: Bend Time         |       |       |     3 |     1 ||     4
       Slouch            |       |       |     1 |       ||     1
  Use: Scroll            |     4 |     1 |     1 |       ||     6
 Stab: Sleeping          |       |     2 |     2 |       ||     4
Armor: Robe              |    40 |    32 |    56 |     9 ||   137
Dodge: Dodged            |    64 |    55 |   172 |    34 ||   325
       Repelled          |       |       |     1 |       ||     1

Table legend: (Time is in decaauts)
 A = Elapsed time spent in this place.
 B = Non-inter-level travel time spent in this place.
 C = Inter-level travel time spent in this place.
 D = Time resting spent in this place.
 E = Time spent auto-exploring this place.
 F = Levels seen in this place.
 G = Mean time per level.
                   A        B        C        D        E       F      G
               +--------+--------+--------+--------+--------+-----+--------+
         Total |   6682 |   6452 |    230 |      4 |   5172 |   8 |  835.2 |
       Dungeon |   6682 |   6452 |    230 |      4 |   5172 |   8 |  835.2 |
               +--------+--------+--------+--------+--------+-----+--------+

Top non-repeatable levels by time:
     D:5: 1305 daAuts
     D:4: 1233 daAuts
     D:6: 1063 daAuts
     D:7: 805 daAuts
     D:3: 765 daAuts
     D:1: 583 daAuts
     D:8: 574 daAuts
     D:2: 351 daAuts
